cohdb
Replays
Latest Replays
All Replays
Popular Replays
Top Player Replays
Match Explorer
How It Works
Community
CoH3 Stats
Reddit
Sign in to upload your games and track your stats! →
Sign in with Steam
Match 37793458
Unlisted
Match 37793458
Overview
Messages
Build Orders
End
Kradschützen Motorcycle Team
Panzerpioneer Squad
250 Light Carrier
Construct Light Support Kompanie
Combat Half-tracks
Assault Grenadier Squad
Kradschützen Motorcycle Team
Selects Armored Support Battlegroup
Selects Superior Fire Drills
Fire Support Elements
le.IG 18 Mechanized Group
Flakvierling Half-track
Panzerpioneer Squad
Vehicle Survival Package
Selects Flammpanzer III Medium Tank
Assault Grenadier Squad
Pak 38 Mechanized Group
Construct Panzerarmee Kommand
Selects Salvage Kits
Armored Reserves
Pak 38 Anti-tank Gun Team
Selects Panzer Storm
StuG Assault Group
Kradschützen Motorcycle Team
Selects Stuka Anti-tank Loiter
2.5-tonne Medical Truck
Stuka Anti-tank Loiter
Emergency Repair Kits
Panzer IV Assault Group
Turtleboy
MR.DOGO-YT
0
0
Comments
sign in to comment!
No comments posted yet!